 Dungeon Crawl Stone Soup version 0.18-a0-1044-g2bb894f (webtiles) character file.

470187 Kristof the Executioner (level 23, -7/211 HPs)
             Began as a Minotaur Fighter on Jan 11, 2016.
             Was a High Priest of Okawaru.
             Killed from afar by an iron giant (42 damage)
             ... with an iron shot
             ... on level 4 of the Depths.
             The game lasted 04:22:32 (70666 turns).

Kristof the Executioner (Minotaur Fighter)         Turns: 70666, Time: 04:22:32

Health: -7/211     AC: 32    Str: 37    XL:     23   Next: 52%
Magic:  35/37      EV: 20    Int: 20    God:    Okawaru [*****.]
Gold:   3956       SH: 21    Dex: 17    Spells: 3 memorised, 28 levels left

rFire  + . .     SeeInvis .     U - +6 broad axe of Okawaru {speed, Str+3}
rCold  + + .     Gourm    .     o - +3 plate armour of the Swamp {MR+ Regen+ Int+5 Dex+2}
rNeg   + + .     Faith    .     d - +4 shield "Liemad" {+Fly rPois Dex+4}
rPois  +         Spirit   .     j - +2 hat {MR+}
rElec  .         Dismiss  +     w - +0 cloak {MR+}
rCorr  +         Reflect  .     L - +4 pair of gloves of Xugy {rN+ rCorr}
SustAt .         Harm     .     J - +0 pair of boots of the Townfolk {rPois Int+4}
MR     +++++                    S - amulet "Lakeanea" {Dismiss rN+ Str+7}
Stlth  ..........               Z - ring of Ujesesyc {rPois rF+ rC++ Int+3 Stlth-}
                                q - ring of protection from magic

@: finesse, very slightly contaminated, hasted, very quick, almost entirely
resistant to hostile enchantments, extremely unstealthy
A: retaliatory headbutt, horns 2, talons 1
a: Heroism, Finesse, Renounce Religion, Evoke Flight
}: 2/15 runes: serpentine, barnacled


You were on level 4 of the Depths.
You worshipped Okawaru.
Okawaru was extremely pleased with you.
You were very hungry.

You visited 9 branches of the dungeon, and saw 45 of its levels.
You visited 1 bazaar.
You also visited: Ossuary.

You collected 5673 gold pieces.
You spent 1717 gold pieces at shops.

Inventory:

Hand Weapons
 U - the +6 broad axe of Okawaru (weapon) {speed, Str+3}
   (Okawaru gifted it to you on level 3 of the Snake Pit)

   Attacks with this weapon are significantly faster.
   It affects your strength (+3).
Armour
 d - the +4 shield "Liemad" (worn) {+Fly rPois Dex+4}
   (Okawaru gifted it to you on level 2 of the Vaults)

   It affects your dexterity (+4).
   It protects you from poison.
   It lets you fly.
 j - a +2 hat of magic resistance (worn)
 o - the +3 plate armour of the Swamp (worn) {MR+ Regen+ Int+5 Dex+2}
   (You found it on level 4 of the Depths)

   It affects your intelligence (+5).
   It affects your dexterity (+2).
   It affects your resistance to hostile enchantments.
   It increases your rate of regeneration.
 w - a +0 cloak of magic resistance (worn)
 J - the +0 pair of boots of the Townfolk (worn) {rPois Int+4}
   (You found it on level 2 of the Vaults)

   It affects your intelligence (+4).
   It protects you from poison.
 L - the +4 pair of gloves of Xugy (worn) {rN+ rCorr}
   (You found it on level 1 of the Shoals)

   It protects you from negative energy.
   It protects you from acid and corrosion.
Jewellery
 m - an uncursed amulet of rage
 q - a ring of protection from magic (left hand)
 S - the amulet "Lakeanea" (around neck) {Dismiss rN+ Str+7}
   (You found it on level 3 of the Elven Halls)

   [amulet of dismissal]

   It may teleport away creatures that harm you.
   It affects your strength (+7).
   It protects you from negative energy.
 X - the ring of Baed Leb {Str+2 Int+2 Stlth+}
   (You found it on level 3 of the Depths)

   [ring of strength]

   It affects your strength (+2).
   It affects your intelligence (+2).
   It makes you more stealthy.
 Z - the ring of Ujesesyc (right hand) {rPois rF+ rC++ Int+3 Stlth-}
   (You found it on level 3 of the Depths)

   [ring of protection from fire]

   It affects your intelligence (+3).
   It protects you from fire.
   It greatly protects you from cold.
   It protects you from poison.
   It makes you less stealthy.
Wands
 b - a wand of teleportation (3/9)
 t - a wand of digging (8/24)
 v - a wand of draining (0/15)
 z - a wand of fire (1/15)
 A - a wand of disintegration (14/24)
 F - a wand of fireball (7/15)
Scrolls
 c - 2 scrolls of summoning
 i - 15 scrolls of identify
 k - 4 scrolls of magic mapping
 p - 15 scrolls of remove curse
 y - 5 scrolls of fear
 B - 2 scrolls of silence
 D - 14 scrolls of teleportation
 K - 12 scrolls of enchant armour
 R - 4 scrolls of fog
 T - 2 scrolls of blinking
 Y - 3 scrolls of recharging
Potions
 e - 6 potions of ambrosia
 n - 10 potions of curing
 r - 5 potions of brilliance
 u - 4 potions of agility
 x - 4 potions of magic
 E - a potion of flight
 G - 3 potions of resistance
 H - 4 potions of invisibility
 I - 3 potions of cancellation
 Q - a potion of haste
Comestibles
 a - 15 royal jellies
 f - 27 bread rations
 l - 19 meat rations


   Skills:
 + Level 18.9 Fighting
 + Level 22.0 Axes
 + Level 18.6 Armour
 + Level 16.8 Dodging
 - Level 16.7 Shields
 + Level 11.8 Spellcasting
 + Level 5.2 Conjurations
 + Level 10.3 Fire Magic
 - Level 6.1 Invocations
 - Level 7.0 Evocations


You had 28 spell levels left.
You knew the following spells:

 Your Spells              Type           Power        Failure   Level  Hunger
a - Mephitic Cloud        Conj/Pois/Air  ###.....     30%         3    None
b - Fireball              Conj/Fire      #####.....   24%         5    ####...
c - Fire Storm            Conj/Fire      #####.....   100%        9    #######


Dungeon Overview and Level Annotations

Branches:
Dungeon (15/15)            Temple (1/1) D:7            Lair (8/8) D:11
 Shoals (4/4) Lair:4        Snake (4/4) Lair:4        Slime (0/6) Lair:6
    Orc (2/2) D:9             Elf (3/3) Orc:2        Vaults (4/5) D:13
  Crypt (0/3) Vaults:2     Depths (4/5) D:15

Altars:
Ashenzari
Cheibriados
Dithmenos
Elyvilon
Fedhas
Gozag
Kikubaaqudgha
Makhleb
Nemelex Xobeh
Okawaru
Pakellas
Qazlal
Ru
Sif Muna
Trog
Vehumet
Xom
Yredelemnul
Zin
The Shining One
Beogh

Shops:
D:6 [   D:9 [   Orc:2 ?[*?   Elf:2 *   Vaults:4 *

Portals:
Hell: Depths:1 Depths:2 Depths:3 Depths:4
Abyss: Depths:1 Depths:2
Pandemonium: Depths:3
Ziggurat: Depths:1
Trove: Depths:4 (give +5 demon trident)


Innate Abilities, Weirdness & Mutations

You reflexively headbutt those who attack you in melee.
You have a pair of horns on your head.
You have sharp toenails.


Message History

You are too injured to fight recklessly!
You are too injured to fight recklessly!
You are too injured to fight recklessly!
You are too injured to fight recklessly!
You are feeling very hungry.
You are too injured to fight recklessly!
You are too injured to fight recklessly!
You are too injured to fight recklessly!
You are too injured to fight recklessly!
You are too injured to fight recklessly!
You are too injured to fight recklessly!
You slash the iron giant! Your headbutt misses the iron giant.
The iron giant is heavily wounded.
You slice the iron giant!! You headbutt the iron giant.
The iron giant is severely wounded.
You slice the iron giant!! You headbutt the iron giant.
The iron giant is severely wounded.
The iron giant throws iron shot at you. The iron shot hits you!
You die...

.....≈≈≈≈≈≈≈≈.≈≈≈≈#.#
≈≈≈≈≈≈≈≈≈≈≈≈≈.≈≈≈≈#(#
≈≈≈≈≈≈≈≈≈≈≈≈≈.≈≈≈≈#(#########
≈############..####.).......# ≈♣
#.....#..([.....# ≈♣*
#.....#...(.....# ≈≈♣***
######.....#....(....# ♣≈P♣≈*
#.........##.###.(...#
≈P≈≈♣♣##........@#.....((...#
≈≈♣≈≈≈...........C.........## ##
≈P≈≈≈≈......................####(
≈≈P≈≈♣...........................
≈≈♣≈≈♣♣.....................#####
≈≈≈≈≈≈≈.#####.....#..####...#
≈≈≈≈≈≈♣.#####.....#..# #####
≈≈≈≈≈P≈..............#
≈≈≈≈≈♣≈.#####.#..)...###########


You could see an iron giant.

Vanquished Creatures
  Mara (Shoals:3)
  Sojobo (Depths:3)
  2 iron giants
  A caustic shrike (Depths:4)
  Nikola (Snake:4)
  A golden dragon (Depths:3)
  The ghost of P0WERM0DE the Stormcaller, an adept NaCK of Xom (Elf:3)
  Xtahua (Depths:3)
  Jorgrun (Vaults:2)
  A lich (Depths:4)
  Rupert (D:12)
  A tentacled monstrosity (Depths:4)
  3 deep elf blademasters
  Asterion (Depths:2)
  4 deep elf master archers (Elf:3)
  Polyphemus (Shoals:4)
  An ancient champion (Depths:3)
  3 sphinxes
  A kraken (Shoals:2)
  The ghost of flinch the Imperceptible, an adept OpEn of Dithmenos (Vaults:1)
  A storm dragon (Depths:4)
  Gastronok (Lair:3)
  4 tengu reavers
  A shadow dragon (Depths:4)
  5 fire giants
  Ilsuiw (Shoals:4)
  Roxanne (Snake:3)
  Wiglaf (Depths:1)
  9 greater nagas
  10 frost giants
  An iron dragon (Depths:3)
  Maud (Orc:1)
  8 vault wardens
  An orc warlord (Depths:3)
  3 deep elf sorcerers
  4 spriggan defenders (Depths:4)
  18 stone giants
  4 deep elf elementalists (Elf:3)
  10 ironheart preservers
  A salamander stormcaller (Depths:3)
  10 very ugly things
  4 vampire knights
  4 deep elf demonologists
  The ghost of FIQ the Impaler, a journeyman MfWn of Yredelemnul (D:13)
  3 deep elf annihilators (Elf:3)
  7 spark wasps
  10 deep elf death magi
  10 ettins
  The ghost of stburah the Blocker, a journeyman FoFi of the Shining One (D:15)
  6 merfolk impalers
  Erolcha (D:9)
  5 merfolk javelineers
  8 yaktaur captains
  Snorg (Orc:1)
  Josephine (Lair:6)
  10 fire dragons
  4 great orbs of eyes
  6 deep elf high priests
  9 ogre magi
  14 vault guards
  6 hydras
  3 rakshasas
  5 entropy weavers
  15 naga warriors
  4 ice dragons
  The ghost of FIQ the Spear-Bearer, a journeyman MfGl of Kikubaaqudgha (D:12)
  A ghost crab (shapeshifter) (D:15)
  2 death knights
  5 merfolk avatars
  2 catoblepae
  5 anacondas
  5 merfolk aquamancers
  3 alligator snapping turtles (Shoals:4)
  Erica (Orc:1)
  4 satyrs
  9 centaur warriors
  2 death yaks (Shoals:4)
  8 deep troll earth magi
  2 small abominations (Elf:3)
  22 dancing weapons
  8 tengu warriors
  9 deep troll shamans
  The ghost of WhatIsLove the Schismatic, a novice DsAK of Lugonu (D:9)
  5 vampire magi
  3 orc high priests
  7 shock serpents
  Urug (Lair:3)
  3 hell hogs (Depths:2)
  16 naga sharpshooters
  3 spriggan berserkers
  2 iron trolls (Depths:1)
  2 fire crabs
  24 deep elf knights
  8 hell knights
  A large abomination (Elf:3)
  A shadow wraith (Vaults:4)
  4 wizards
  6 skeletal warriors
  7 naga ritualists
  5 salamander mystics
  10 sea snakes
  3 hill giants
  3 unseen horrors
  15 deep trolls
  2 flayed ghosts
  A phantasmal warrior (Vaults:1)
  A necromancer (Depths:4)
  12 deep elf archers
  3 giant orange brains
  13 ironbrand convokers
  12 orc knights
  56 deep elf magi
  An orange crystal statue (Depths:1)
  6 wolf spiders
  Pikel (D:6)
  10 mana vipers
  16 harpies
  16 cyclopes
  A cyclops (shapeshifter) (Depths:2)
  2 orb spiders (shapeshifter)
  9 griffons
  4 orc sorcerers (Orc:2)
  8 manticores
  A faun (shapeshifter) (Depths:3)
  4 hornets
  54 ugly things
  7 water nymphs
  A faun (Shoals:2)
  A hornet (shapeshifter) (Depths:3)
  A water nymph (shapeshifter) (Vaults:2)
  14 salamanders
  7 sirens
  19 elephants
  An elephant (shapeshifter) (Elf:2)
  3 guardian serpents
  31 black mambas
  A guardian serpent (shapeshifter) (Vaults:4)
  The ghost of soonmide the Poker, a novice NaWr of Qazlal (D:5)
  Maurice (D:9)
  12 vault sentinels
  4 gargoyles
  31 naga magi
  25 spiny frogs
  A torpor snail (Lair:5)
  3 centaur skeletons
  31 yaktaurs
  2 kobold demonologists
  A spiny frog (shapeshifter) (Vaults:3)
  5 fire drakes
  7 komodo dragons
  A fire drake (shapeshifter) (Depths:1)
  An efreet (D:14)
  A queen bee (D:10)
  3 freezing wraiths
  A polar bear (shapeshifter) (D:13)
  12 trolls
  7 polar bears
  A troll (shapeshifter) (Vaults:2)
  3 tengu conjurers
  The ghost of FIQ the Ducker, an amateur MfWn (D:4)
  33 merfolk
  A wind drake (Shoals:3)
  20 two-headed ogres
  Grinder (D:4)
  18 blink frogs
  3 boulder beetles
  4 slime creatures
  2 human simulacra
  9 snapping turtles
  7 redbacks
  5 air elementals
  2 spriggans (Depths:4)
  A tarantella (Depths:2)
  20 water elementals
  4 wraiths
  28 yaks
  2 shadows
  2 vampires (Vaults:2)
  A tarantella (shapeshifter) (Vaults:2)
  14 hippogriffs
  A golden eye (shapeshifter) (Vaults:3)
  A hog (shapeshifter) (Vaults:1)
  A yak (shapeshifter) (Vaults:4)
  A wyvern (D:13)
  Eustachio (D:4)
  2 basilisks (shapeshifter)
  3 hungry ghosts
  3 fire elementals
  24 vampire mosquitoes
  2 basilisks
  9 wolves
  A steam dragon (Lair:7)
  2 mottled dragons
  45 nagas
  4 wargs
  Edmund (D:5)
  A soldier ant (shapeshifter) (Vaults:4)
  A soldier ant (D:13)
  20 water moccasins
  Duvessa (D:4)
  9 hell hounds (Depths:2)
  10 porcupines
  9 ice beasts
  3 sky beasts
  An eye of draining (shapeshifter) (Vaults:4)
  4 wasps
  61 orc warriors
  2 black bears
  3 eyes of draining
  2 phantoms
  The ghost of Kristof the Shield-Bearer, an amateur MiFi (D:3)
  A black bear (shapeshifter) (Depths:2)
  46 ogres
  A necrophage (D:9)
  6 boggarts
  32 centaurs
  18 crocodiles
  An elf zombie (Ossuary)
  30 giant frogs
  Blork the orc (D:4)
  A gnoll sergeant (D:13)
  Dowan (D:4)
  3 earth elementals
  3 scorpions
  A wyvern skeleton (D:12)
  46 killer bees
  4 wights (D:12)
  7 electric eels
  7 crimson imps
  23 orc priests
  5 giant frog skeletons
  A jelly (D:8)
  24 orc wizards
  2 centaur zombies (Ossuary)
  9 hounds
  2 human zombies (Ossuary)
  9 iguanas
  12 hell rats (Lair:7)
  11 worker ants
  A killer bee zombie (D:8)
  5 sheep (Lair:5)
  4 big kobold zombies (Ossuary)
  2 hound zombies
  3 mummies (Ossuary)
  14 gnolls
  120 river rats
  17 adders
  6 shadow imps
  4 giant eyeballs (Depths:3)
  2 adder zombies
  An ooze (D:1)
  An adder skeleton (D:5)
  3 worms
  2 ball lightnings (Elf:3)
  3 giant geckos
  137 orcs
  5 bats
  6 giant cockroaches
  12 goblins
  4 hobgoblins
  9 jackals
  6 quokkas
  3 ball pythons
  A giant gecko skeleton (D:4)
  5 giant newts
  A gnoll zombie (Ossuary)
  6 goblin zombies (Ossuary)
  4 hobgoblin zombies (Ossuary)
  A jackal skeleton (D:7)
  4 jackal zombies (Ossuary)
  3 kobolds
  A kobold zombie (Ossuary)
  A quokka skeleton (D:4)
  4 quokka zombies
  22 rats
  5 rat zombies (Ossuary)
  2 crawling corpses (Elf:3)
  7 fungi
  16 plants
  4 tentacles (Shoals:2)
2124 creatures vanquished.

Vanquished Creatures (others)
  A deep elf high priest (Elf:3)
  A gargoyle (D:2)
  An orc warrior (Elf:2)
  A slave (D:6)
  An orc wizard (D:7)
  6 ball lightnings (Elf:3)
  14 fungi
  30 plants
  39 tentacle segments (Shoals:2)
94 creatures vanquished.

Grand Total: 2218 creatures vanquished

Notes
Turn   | Place    | Note
--------------------------------------------------------------
     0 | D:1      | Kristof the Minotaur Fighter began the quest for the Orb.
     0 | D:1      | Reached XP level 1. HP: 19/19 MP: 0/0
    54 | D:1      | Reached XP level 2. HP: 27/27 MP: 1/1
   468 | D:1      | Found a snail-covered altar of Cheibriados.
   470 | D:1      | Reached skill level 1 in Dodging
   715 | D:2      | Found an opulent altar of Gozag.
   718 | D:2      | Reached skill level 4 in Fighting
   763 | D:2      | Reached XP level 3. HP: 33/33 MP: 2/2
   810 | D:2      | Found an oddly glowing altar of Pakellas.
   811 | D:2      | Noticed a gargoyle
   828 | D:2      | Killed a gargoyle
  1050 | D:3      | Found a glowing silver altar of Zin.
  1346 | D:3      | Noticed Kristof's ghost (amateur MiFi)
  1356 | D:3      | Killed Kristof's ghost
  1356 | D:3      | Reached skill level 1 in Spellcasting
  1356 | D:3      | Reached XP level 4. HP: 18/41 MP: 2/4
  1356 | D:3      | Reached XP level 5. HP: 20/47 MP: 2/5
  1550 | D:3      | Gained mutation: You have sharp toenails. [potion of beneficial mutation]
  1718 | D:3      | Found a burning altar of Makhleb.
  2462 | D:4      | Noticed FIQ's ghost (amateur MfWn)
  2472 | D:4      | Killed FIQ's ghost
  2472 | D:4      | Reached skill level 1 in Evocations
  2472 | D:4      | Reached XP level 6. HP: 43/53 MP: 7/7
  2656 | D:4      | Noticed Duvessa
  2656 | D:4      | Noticed Dowan
  2669 | D:4      | Killed Duvessa
  2669 | D:4      | Reached skill level 5 in Fighting
  2669 | D:4      | Reached skill level 5 in Axes
  2669 | D:4      | Reached skill level 5 in Armour
  2669 | D:4      | Reached XP level 7. HP: 41/61 MP: 8/8
  2671 | D:4      | Killed Dowan
  2885 | D:4      | Noticed Eustachio
  2912 | D:4      | Killed Eustachio
  2912 | D:4      | Reached skill level 5 in Shields
  3179 | D:4      | Reached skill level 6 in Axes
  3514 | D:4      | Found an iron altar of Okawaru.
  3648 | D:4      | Noticed Blork the orc
  3653 | D:4      | Killed Blork the orc
  3653 | D:4      | Reached XP level 8. HP: 64/68 MP: 10/10
  3729 | D:4      | Became a worshipper of Warmaster Okawaru
  3813 | D:4      | Noticed Grinder
  3829 | D:4      | Killed Grinder
  4128 | D:5      | Entered Level 5 of the Dungeon
  4214 | D:5      | Got an iridescent long sword
  4215 | D:5      | Identified the +1 long sword of Voufulom {antimagic, Dex+4} (You found it on level 5 of the Dungeon)
  4294 | D:5      | Reached * piety under Okawaru
  4371 | D:5      | Reached skill level 7 in Axes
  4373 | D:5      | Noticed soonmide's ghost (novice NaWr)
  4380 | D:5      | Found a sand-covered staircase.
  4387 | Ossuary  | Entered an ossuary
  5686 | D:5      | Noticed Edmund
  5702 | D:5      | Killed Edmund
  5774 | D:5      | Reached XP level 9. HP: 68/75 MP: 11/11
  5784 | D:5      | Found a deep blue altar of Sif Muna.
  5907 | D:5      | Found a burning altar of Makhleb.
  5971 | D:5      | Killed soonmide's ghost
  5971 | D:5      | Reached ** piety under Okawaru
  5971 | D:5      | Reached skill level 8 in Axes
  6363 | D:6      | Noticed Pikel
  6372 | D:6      | Killed Pikel
  6372 | D:6      | Reached skill level 5 in Dodging
  6541 | D:6      | Found Kuodady's Armour Shop.
  6997 | D:6      | Reached *** piety under Okawaru
  7019 | D:6      | Got a crude hand axe
  7020 | D:6      | Identified the +9 hand axe of Uncertain Death {holy, rN+ Int+2} (You found it on level 6 of the Dungeon)
  7065 | D:6      | Reached skill level 9 in Axes
  7386 | D:7      | Found a staircase to the Ecumenical Temple.
  7398 | Temple   | Entered the Ecumenical Temple
  7858 | D:7      | Reached XP level 10. HP: 51/86 MP: 13/13
  8443 | D:8      | Got a brightly glowing war axe
  8444 | D:8      | Identified the +12 war axe of Sloth {antimagic, rPois Str+3} (You found it on level 8 of the Dungeon)
  8605 | D:8      | Reached **** piety under Okawaru
  8720 | D:8      | Found a shadowy altar of Dithmenos.
  9334 | D:9      | Noticed Maurice
  9344 | D:9      | Killed Maurice
  9353 | D:9      | Found Betrut's Antique Armour Boutique.
  9353 | D:9      | Noticed WhatIsLove's ghost (novice DsAK)
  9365 | D:9      | Killed WhatIsLove's ghost
  9365 | D:9      | Reached skill level 10 in Axes
  9365 | D:9      | Reached skill level 5 in Evocations
  9419 | D:9      | Found a stormy altar of Qazlal.
  9818 | D:9      | Found a sacrificial altar of Ru.
  9874 | D:9      | Reached ***** piety under Okawaru
 10088 | D:9      | Noticed Erolcha
 10095 | D:9      | Killed Erolcha
 10369 | D:9      | Found a staircase to the Orcish Mines.
 10389 | D:9      | Reached XP level 11. HP: 93/95 MP: 3/15
 10523 | D:10     | Entered Level 10 of the Dungeon
 10922 | D:10     | Found a glowing silver altar of Zin.
 11165 | D:10     | Reached skill level 11 in Axes
 11506 | D:10     | Noticed a purple ugly thing
 11517 | D:10     | Killed a purple ugly thing
 11635 | D:11     | Noticed a green ugly thing
 11645 | D:11     | Killed a green ugly thing
 11650 | D:11     | Found a flickering gateway to a bazaar.
 11680 | Bazaar   | Entered a bazaar
 11694 | Bazaar   | Found Fydoen's Gadget Shop.
 11724 | Bazaar   | Found Zudita's Gadget Shop.
 11780 | Bazaar   | Found Nigeijy's Distillery.
 11809 | Bazaar   | Found Siupn's Distillery.
 11819 | Bazaar   | Bought a potion of heal wounds for 45 gold pieces
 11819 | Bazaar   | Bought a potion of mutation for 22 gold pieces
 11819 | Bazaar   | Bought a potion of invisibility for 72 gold pieces
 11819 | Bazaar   | Bought a potion of haste for 90 gold pieces
 11844 | Bazaar   | Bought 2 potions of heal wounds for 110 gold pieces
 11871 | D:11     | Noticed a hill giant
 11881 | D:11     | Killed a hill giant
 11881 | D:11     | Reached ****** piety under Okawaru
 12444 | D:11     | Received a gift from Okawaru
 12691 | D:11     | Noticed a white ugly thing
 12698 | D:11     | Killed a white ugly thing
 12802 | D:11     | Found a staircase to the Lair.
 13198 | D:11     | Found a sparkling altar of Nemelex Xobeh.
 13308 | Lair:1   | Entered Level 1 of the Lair of Beasts
 13318 | Lair:1   | Noticed an eight-headed hydra
 13777 | Lair:1   | Killed an eight-headed hydra
 13777 | Lair:1   | Reached XP level 12. HP: 18/106 MP: 11/18
 14218 | Lair:1   | Reached skill level 12 in Axes
 14637 | Lair:1   | Got a faintly glowing robe
 14638 | Lair:1   | Identified the +1 robe of Intuition {Dex+5} (You found it on level 1 of the Lair of Beasts)
 15037 | Lair:2   | Reached skill level 5 in Spellcasting
 16053 | Lair:3   | Noticed Urug
 16066 | Lair:3   | Killed Urug
 16066 | Lair:3   | Received a gift from Okawaru
 16219 | Lair:3   | Reached skill level 10 in Fighting
 16467 | Lair:3   | Noticed Gastronok
 16486 | Lair:3   | Killed Gastronok
 17133 | Lair:4   | Found a staircase to the Snake Pit.
 17257 | Lair:4   | Reached skill level 13 in Axes
 17472 | Lair:4   | Found a staircase to the Shoals.
 17475 | Lair:4   | Reached skill level 10 in Shields
 18723 | Lair:5   | Noticed a seven-headed hydra
 18731 | Lair:5   | Killed an 11-headed hydra
 18731 | Lair:5   | Reached XP level 13. HP: 67/114 MP: 6/20
 18997 | Lair:5   | Reached skill level 10 in Armour
 19317 | Lair:5   | Reached skill level 1 in Invocations
 20423 | Lair:6   | Found a staircase to the Slime Pits.
 21019 | Lair:6   | Noticed Josephine
 21035 | Lair:6   | Killed Josephine
 21035 | Lair:6   | Received a gift from Okawaru
 21051 | Lair:6   | Got a colourful robe {god gift}
 21062 | Lair:6   | Identified the +1 robe "Obequh" {rF+} (Okawaru gifted it to you on level 6 of the Lair of Beasts)
 22126 | Lair:7   | Reached skill level 14 in Axes
 22390 | Lair:7   | Got a fine chain mail
 22401 | Lair:7   | Identified the +1 chain mail of Midwinter {rElec} (You found it on level 7 of the Lair of Beasts)
 23016 | Lair:7   | Received a gift from Okawaru
 23027 | Lair:7   | Got a brightly glowing scale mail {god gift}
 23038 | Lair:7   | Identified the +5 scale mail of Altruism {rC+ MR- Dex+3} (Okawaru gifted it to you on level 7 of the Lair of Beasts)
 23450 | Lair:8   | Entered Level 8 of the Lair of Beasts
 23455 | Lair:8   | Reached XP level 14. HP: 124/124 MP: 7/22
 23757 | Lair:8   | Reached skill level 10 in Dodging
 23766 | Lair:8   | Reached skill level 15 in Axes
 25806 | Lair:8   | Got a fine rapier
 25955 | Lair:2   | Learned a level 3 spell: Mephitic Cloud
 25960 | Lair:2   | Identified the +7 rapier of the Special Ghosts {holy, MP+9 Int+2} (You found it on level 8 of the Lair of Beasts)
 26062 | D:12     | Noticed Rupert
 26062 | D:12     | Noticed FIQ's ghost (journeyman MfGl)
 26075 | D:12     | Killed Rupert
 26076 | D:12     | Killed FIQ's ghost
 26649 | D:12     | Received a gift from Okawaru
 27296 | D:12     | Identified a scroll of acquirement
 27299 | D:12     | Got a twisted cloak
 27310 | D:12     | Identified the +1 cloak of Faulog {-Tele rCorr Dex+6} (You acquired it on level 12 of the Dungeon)
 27596 | D:13     | Noticed FIQ's ghost (journeyman MfWn)
 27615 | D:13     | Killed FIQ's ghost
 28133 | D:13     | Reached skill level 5 in Invocations
 28172 | D:13     | Found a gate to the Vaults.
 28832 | D:14     | Reached XP level 15. HP: 105/133 MP: 8/24
 29361 | D:15     | Entered Level 15 of the Dungeon
 29666 | D:15     | Noticed stburah's ghost (journeyman FoFi)
 29669 | D:15     | Found a staircase to the Depths.
 29677 | D:15     | Killed stburah's ghost
 30187 | Orc:1    | Entered Level 1 of the Orcish Mines
 30389 | Orc:1    | Noticed Maud
 30392 | Orc:1    | Noticed Erica
 30399 | Orc:1    | Killed Maud
 30399 | Orc:1    | Received a gift from Okawaru
 30399 | Orc:1    | Reached skill level 16 in Axes
 30406 | Orc:1    | Killed Erica
 30417 | Orc:1    | Found a bloodstained altar of Trog.
 30618 | Orc:1    | Noticed Snorg
 30627 | Orc:1    | Killed Snorg
 30726 | Orc:2    | Entered Level 2 of the Orcish Mines
 30823 | Orc:2    | Found a staircase to the Elven Halls.
 31386 | Orc:2    | Paralysed by an orc sorcerer for 2 turns
 31744 | Orc:2    | Found Irau's General Store.
 31744 | Orc:2    | Found Xoitieph's Armour Boutique.
 31746 | Orc:2    | Found Buzohugo's Magic Scroll Shop.
 31748 | Orc:2    | Found Plog's Magic Scroll Shoppe.
 31939 | Orc:2    | Bought a scroll of enchant armour for 127 gold pieces
 31941 | Orc:2    | Bought a scroll of enchant armour for 105 gold pieces
 31946 | Orc:2    | Bought a scroll of identify for 22 gold pieces
 31946 | Orc:2    | Bought a scroll of identify for 22 gold pieces
 31946 | Orc:2    | Bought a scroll of enchant armour for 82 gold pieces
 31946 | Orc:2    | Bought a scroll of identify for 22 gold pieces
 31953 | Orc:2    | Bought a scroll of acquirement for 728 gold pieces
 32082 | Orc:2    | Found a runed door.
 32119 | Orc:2    | Received a gift from Okawaru
 32188 | Orc:2    | Found a roughly hewn altar of Beogh.
 32467 | Snake:1  | Entered Level 1 of the Snake Pit
 35293 | Snake:2  | Reached XP level 16. HP: 131/143 MP: 8/26
 35533 | Snake:2  | Reached skill level 17 in Axes
 35893 | Snake:2  | Got a crude whip
 35894 | Snake:2  | Identified the +10 whip "Ynohaerch" {holy, Dex+4} (You found it on level 2 of the Snake Pit)
 36282 | Snake:3  | Noticed Roxanne
 36295 | Snake:3  | Received a gift from Okawaru
 36303 | Snake:3  | Killed Roxanne
 36336 | Snake:3  | Got a dazzling broad axe {god gift}
 36341 | Snake:3  | Identified Roxanne's Almanac of the Shifting Rocks (You took it off Roxanne on level 3 of the Snake Pit)
 36618 | Snake:2  | Identified the +6 broad axe of Okawaru {speed, Str+3} (Okawaru gifted it to you on level 3 of the Snake Pit)
 37402 | Snake:3  | Learned a level 5 spell: Fireball
 37743 | Snake:4  | Entered Level 4 of the Snake Pit
 37841 | Snake:4  | Reached skill level 1 in Fire Magic
 37842 | Snake:4  | Received a gift from Okawaru
 37864 | Snake:4  | Got a brightly glowing cloak {god gift}
 37997 | Snake:4  | Identified the +0 cloak of Reodgh {rElec rPois} (Okawaru gifted it to you on level 4 of the Snake Pit)
 39062 | Snake:4  | Noticed Nikola
 39093 | Snake:4  | Killed Nikola
 39093 | Snake:4  | Reached skill level 18 in Axes
 39829 | Snake:4  | Reached XP level 17. HP: 142/151 MP: 28/28
 39835 | Snake:4  | Received a gift from Okawaru
 40577 | Snake:4  | Got a slimy robe {god gift}
 40578 | Snake:4  | Identified the +1 robe "Byilyag" {Dex+5} (Okawaru gifted it to you on level 4 of the Snake Pit)
 41093 | Snake:4  | Got a serpentine rune of Zot
 42545 | Vaults:1 | Entered Level 1 of the Vaults
 42648 | Vaults:1 | Noticed flinch's ghost (adept OpEn)
 42672 | Vaults:1 | Killed flinch's ghost
 42816 | Vaults:1 | Received a gift from Okawaru
 43782 | Vaults:1 | Reached XP level 18. HP: 149/161 MP: 29/29
 43794 | Vaults:1 | Received a gift from Okawaru
 44065 | Vaults:1 | Reached skill level 19 in Axes
 44798 | Vaults:2 | Received a gift from Okawaru
 44801 | Vaults:2 | Got a faintly humming shield {god gift}
 44976 | Vaults:2 | Identified the +4 shield "Liemad" {+Fly rPois Dex+4} (Okawaru gifted it to you on level 2 of the Vaults)
 45135 | Vaults:2 | Reached skill level 15 in Fighting
 45802 | Vaults:2 | Reached skill level 5 in Fire Magic
 45932 | Vaults:2 | Reached skill level 15 in Shields
 45948 | Vaults:2 | Got a pair of fine boots
 45959 | Vaults:2 | Identified the +0 pair of boots of the Townfolk {rPois Int+4} (You found it on level 2 of the Vaults)
 46345 | Vaults:2 | Received a gift from Okawaru
 46424 | Vaults:2 | Noticed Jorgrun
 46434 | Vaults:2 | Killed Jorgrun
 46641 | Vaults:2 | Found a staircase to the Crypt.
 46776 | Vaults:3 | Reached skill level 15 in Armour
 47135 | Vaults:3 | Reached XP level 19. HP: 162/171 MP: 31/31
 47864 | Vaults:3 | Found a shattered altar of Ashenzari.
 48144 | Vaults:3 | Received a gift from Okawaru
 48147 | Vaults:3 | Got a pair of ichor-stained gloves {god gift}
 48158 | Vaults:3 | Identified the -4 pair of gloves of Wrong Decisions {Str-2 Dex+5} (Okawaru gifted it to you on level 3 of the Vaults)
 48556 | Vaults:4 | Found Veptorhi's General Store.
 48733 | Vaults:4 | Bought a scroll of identify for 40 gold pieces
 48733 | Vaults:4 | Bought 2 scrolls of identify for 80 gold pieces
 49030 | Vaults:4 | Got a pair of polished gloves
 49041 | Vaults:4 | Identified the -6 pair of gloves of Gallantry {Regen+ Str+3} (You acquired it on level 4 of the Vaults)
 49159 | Vaults:4 | Received a gift from Okawaru
 49182 | Vaults:4 | Got a fine lajatang {god gift}
 49183 | Vaults:4 | Identified the +1 lajatang of Hard Scrabble {flame, rN+} (Okawaru gifted it to you on level 4 of the Vaults)
 50700 | Elf:1    | Entered Level 1 of the Elven Halls
 51017 | Elf:1    | Received a gift from Okawaru
 51024 | Elf:1    | Reached skill level 20 in Axes
 51850 | Elf:2    | Reached XP level 20. HP: 182/182 MP: 27/32
 52310 | Elf:2    | Learned a level 9 spell: Fire Storm
 52321 | Elf:2    | Found a runed gate.
 52321 | Elf:2    | Found a runed gate.
 52321 | Elf:2    | Found a runed gate.
 52417 | Elf:2    | Reached skill level 10 in Spellcasting
 52426 | Elf:2    | Found Rokhidech's Retail Resort.
 52431 | Elf:2    | Bought a potion of resistance for 150 gold pieces
 52487 | Elf:2    | Got a brightly glowing trident
 52488 | Elf:2    | Identified the +7 trident of Sequestration {freeze, rElec SInv Stlth+} (You found it on level 2 of the Elven Halls)
 53557 | Elf:3    | Entered Level 3 of the Elven Halls
 53715 | Elf:3    | Found a radiant altar of Vehumet.
 54099 | Elf:3    | Noticed P0WERM0DE's ghost (adept NaCK)
 54596 | Elf:3    | Received a gift from Okawaru
 54637 | Elf:3    | Killed P0WERM0DE's ghost
 55787 | Elf:3    | Identified the Compendium of Feathery Blows and Bruises
 55814 | Elf:3    | Got a crude amethyst amulet
 55815 | Elf:3    | Identified the amulet "Lakeanea" {Dismiss rN+ Str+7} (You found it on level 3 of the Elven Halls)
 55828 | Elf:3    | Got a bone eveningstar
 55829 | Elf:3    | Identified the +6 eveningstar of Omar {pain, Dex+4} (You found it on level 3 of the Elven Halls)
 56598 | Elf:3    | Got a crude long sword
 56614 | Elf:3    | Got a twisted chain mail
 56622 | Elf:3    | Got a pitted falchion {vamp}
 56897 | Lair:2   | Identified the +7 long sword of Inquiry {freeze, Dex+4} (You found it on level 3 of the Elven Halls)
 56906 | Lair:2   | Identified the +4 falchion "Arcanum" {vamp, rElec Int+3} (You took it off a deep elf death mage on level 3 of the Elven Halls)
 56929 | Lair:2   | Identified the +3 chain mail "Botive" {rElec rPois rF- Dex+4} (You found it on level 3 of the Elven Halls)
 57057 | Shoals:1 | Entered Level 1 of the Shoals
 57090 | Shoals:1 | Received a gift from Okawaru
 57174 | Shoals:1 | Reached skill level 15 in Dodging
 57247 | Shoals:1 | Got a pair of shimmering gloves
 57258 | Shoals:1 | Identified the +4 pair of gloves of Xugy {rN+ rCorr} (You found it on level 1 of the Shoals)
 57329 | Shoals:1 | Reached XP level 21. HP: 191/191 MP: 34/34
 58857 | Shoals:3 | Noticed Mara
 58866 | Shoals:3 | Noticed Kristof's illusion
 58870 | Shoals:3 | Killed Mara
 59570 | Shoals:4 | Entered Level 4 of the Shoals
 59570 | Shoals:4 | Noticed Ilsuiw
 59620 | Shoals:4 | Killed Ilsuiw
 59797 | Shoals:4 | Noticed Polyphemus
 59832 | Shoals:4 | Killed Polyphemus
 60602 | Shoals:4 | Received a gift from Okawaru
 60748 | Shoals:4 | Got a barnacled rune of Zot
 61248 | Shoals:4 | Got a transparent amethyst amulet
 61249 | Shoals:4 | Identified the amulet "Jeofeuhau" {Dismiss +Blink MR+ Str-5 Int+4} (You found it on level 4 of the Shoals)
 61932 | Depths:1 | Entered Level 1 of the Depths
 62042 | Depths:1 | Noticed Wiglaf
 62070 | Depths:1 | Killed Wiglaf
 62097 | Depths:1 | Found a gateway to a ziggurat.
 62182 | Depths:1 | Found a gateway to Hell.
 62225 | Depths:1 | Reached skill level 1 in Conjurations
 62234 | Depths:1 | Reached skill level 21 in Axes
 62606 | Depths:1 | Found a one-way gate to the infinite horrors of the Abyss.
 62885 | Depths:1 | Received a gift from Okawaru
 64216 | Depths:2 | Reached XP level 22. HP: 201/201 MP: 34/36
 64301 | Depths:2 | Received a gift from Okawaru
 64912 | Depths:2 | Noticed Asterion
 64929 | Depths:2 | Killed Asterion
 65616 | Depths:3 | Paralysed by a giant eyeball for 3 turns
 65805 | Depths:3 | Paralysed by a giant eyeball for 4 turns
 65899 | Depths:3 | Received a gift from Okawaru
 66190 | Depths:3 | Found a one-way gate leading to the halls of Pandemonium.
 66209 | Depths:3 | Paralysed by a giant eyeball for 4 turns
 66222 | Depths:3 | Noticed Sojobo
 66266 | Depths:3 | Killed Sojobo
 66454 | Depths:3 | Got a faintly glowing copper ring
 66455 | Depths:3 | Identified the ring "Anotog" {rC+ rN+ Stlth+} (You took it off a vampire knight on level 3 of the Depths)
 66506 | Depths:3 | Noticed Xtahua
 66522 | Depths:3 | Killed Xtahua
 66529 | Depths:3 | Found an ancient bone altar of Kikubaaqudgha.
 66697 | Depths:3 | Got a shimmering mace
 66698 | Depths:3 | Identified the +6 mace "Roguiwuc" {venom, MP+9 Int+3} (You found it on level 3 of the Depths)
 66725 | Depths:3 | Noticed an iron giant
 66736 | Depths:3 | Killed an iron giant
 67044 | Depths:3 | Got a vibrating granite ring
 67045 | Depths:3 | Identified the ring of Baed Leb {Str+2 Int+2 Stlth+} (You found it on level 3 of the Depths)
 67053 | Depths:3 | Noticed a golden dragon
 67073 | Depths:3 | Killed a golden dragon
 67156 | Depths:3 | Found a deep blue altar of Sif Muna.
 67369 | Depths:3 | Got a coiled glass ring
 67370 | Depths:3 | Identified the ring of Ujesesyc {rPois rF+ rC++ Int+3 Stlth-} (You found it on level 3 of the Depths)
 67408 | Depths:3 | Received a gift from Okawaru
 68538 | Depths:4 | Reached XP level 23. HP: 206/211 MP: 37/37
 68713 | Depths:4 | Reached skill level 10 in Fire Magic
 68825 | Depths:4 | Got a pitted plate armour
 69119 | Depths:4 | Identified the +3 plate armour of the Swamp {MR+ Regen+ Int+5 Dex+2} (You found it on level 4 of the Depths)
 69450 | Depths:4 | Found a portal to a secret trove of treasure.
 69692 | Depths:4 | Received a gift from Okawaru
 69705 | Depths:4 | Noticed a caustic shrike
 69725 | Depths:4 | Killed a caustic shrike
 69734 | Depths:4 | Reached skill level 5 in Conjurations
 69946 | Depths:4 | Noticed an iron giant
 70334 | Depths:4 | Killed an iron giant
 70557 | Depths:4 | Noticed an iron giant
 70598 | Depths:4 | Reached skill level 22 in Axes
 70666 | Depths:4 | Killed from afar by an iron giant

Vault maps used:
D:1:      tarquinn_simple_flora_water_c, minmay_strange_pillars,
          kennysheep_flooded_box, bh_walls_and_bars
D:2:      lemuel_crystal_altar, gammafunk_pakellas_spire_experiment
D:3:      bloody_makhleb, old_standard_altar
D:4:      forest_paths, nicolae_overflow_crystal_walls, first_bread,
          uniq_duvessa, uniq_blork_the_orc, uniq_grinder, uniq_eustachio
D:5:      old_standard_altar, basic_altar, nicolae_ossuary_entry_plus,
          uniq_edmund
D:6:      minmay_opposing_rooms, serial_shops, shop, uniq_pikel
D:7:      minmay_temple_entry_poolview, grunt_ogre_cave, fountainhead
D:8:      lemuel_crystal_altar
D:9:      marbit_many_paths, nicolae_qazlal_style_of_elements, orc_0_dummy,
          serial_shops, shop, uniq_maurice, uniq_erolcha
D:10:     special_room, basic_altar
D:11:     lemuel_upstairs_altar, lair_0_dummy, serial_shops, bzr_entry_lakeside
D:12:     uniq_rupert
D:13:     david_vaults_5
D:15:     grunt_enter_depths_snipers
Temple:   circular_temple_12
Lair:1:   serial_bayou_shore_b
Lair:2:   grunt_megastairs_4
Lair:3:   gammafunk_lair_bear_cave, uniq_gastronok, uniq_urug
Lair:4:   elwin_shoals_entry_stream, dummy_snake_entry
Lair:5:   minivault_27
Lair:6:   slime_dummy, grunt_megastairs_5, uniq_josephine
Lair:7:   lemuel_ratsnest
Lair:8:   minmay_lair_end_frog_pond
Shoals:1: st_cyclops
Shoals:3: uniq_mara
Shoals:4: shoals_end_simple, shoals_ilsuiw_ice, uniq_polyphemus, uniq_ilsuiw
Snake:1:  grunt_ministairs_1, hangedman_snake_wide_pillar_pass
Snake:2:  lemuel_fruit_tree
Snake:3:  basic_stair_grate_trap, uniq_roxanne
Snake:4:  snake_pit, serial_bayou_shore_a, uniq_nikola
Orc:1:    bloody_trog, uniq_erica, uniq_maud, uniq_snorg
Orc:2:    st_orc_rangers, portal_ice_cave_entry_animals_and_master,
          lightli_church_of_beogh
Elf:1:    eino_elf_arrival_shootout, kennysheep_underground_church
Elf:2:    nicolae_alphabet_shops
Elf:3:    minmay_elf_hall_circle, basic_altar, spider_trap
Vaults:1: hangedman_vaults_river_flow, grunt_vaults_bifocal, vaults_dpeg_hooks,
          vaults_dpeg_diagonal, v_misc_25, v_misc_23, v_rooms_3,
          ontoclasm_vaults_spin, vaults_room_fours
Vaults:2: minmay_crypt_entry_vampire_xt, st_lines, v_alt_pattern_4, v_misc_17,
          nicolae_vaults_big_angled_halls, v_pattern_1, nicolae_vaults_theta,
          vaults_dpeg_encased_lava, v_misc_25, nicolae_vaults_ring_of_whatevers,
          v_misc_8, vaults_room_grunt_arrival_ludios, uniq_jorgrun
Vaults:3: nicolae_vaults_ninety_degrees, ontoclasm_vaults_bender,
          hangedman_vaults_unwind, nicolae_vaults_circle_grid_a,
          hangedman_vaults_impose, vaults_room_large_hall,
          hangedman_vaults_capsules, nicolae_vaults_rhombus_7,
          ontoclasm_vaults_ring_small, hangedman_vaults_restitches,
          vaults_mumra_minichess_inversion, basic_altar
Vaults:4: vaults_standard_mumra_lines, vaults_standard_mumra_enter_the_diamond,
          serial_ice_h, v_misc_12, v_misc_4, v_misc_22,
          hangedman_vaults_corner_blocks, hangedman_vaults_variations,
          nicolae_vaults_what_the_h, vaults_mumra_chevron_long,
          vaults_room_fancy_cross, ontoclasm_vaults_hangar,
          nicolae_vaults_angled_halls, nicolae_vaults_circle_grid_b,
          v_alt_pattern_1, serial_shops, shop_statue
Depths:1: enter_ziggurat_f, fountainhead, hell_entry,
          abyss_entry_small_statue_room, minivault_16, kennysheep_dice,
          uniq_wiglaf
Depths:2: lemuel_ice_spiral_2, hangedman_abyss_or_decor_stabs, abyss_entry,
          grunt_hell_horde, hangedman_aviary, uniq_asterion
Depths:3: hangedman_spin_cycle, hell_entry, pan_entry, uniq_xtahua
Depths:4: evilmike_marble_ring, hangedman_tar_grid_catacomb, abyss_entry,
          enter_trove_1, corexii_leaking_fountain, serial_bayou_lake_a,
          firewood_loft
Bazaar:   dpeg_bazaar_wands
Ossuary:  minmay_ossuary_two_tombs

Action                   |  1- 3 |  4- 6 |  7- 9 | 10-12 | 13-15 | 16-18 | 19-21 | 22-24 || total
-------------------------+-------+-------+-------+-------+-------+-------+-------+-------++-------
Melee: War axe           |    72 |   107 |   324 |   521 |  1042 |   127 |       |       ||  2193
       Hand axe          |       |       |    49 |    39 |       |       |       |       ||    88
       Flail             |       |       |       |    13 |    14 |       |       |       ||    27
       Broad axe         |       |       |       |       |   232 |  1344 |  1920 |   984 ||  4480
 Cast: Mephitic Cloud    |       |       |       |       |       |     1 |     2 |       ||     3
Invok: Heroism           |       |       |       |     1 |     2 |       |     5 |     1 ||     9
       Finesse           |       |       |       |       |     2 |     4 |    10 |     7 ||    23
 Abil: Evoke Berserk Rag |       |       |     2 |       |     3 |     3 |     2 |       ||    10
       Evoke Flight      |       |       |       |     1 |       |       |       |     1 ||     2
Evoke: Wand              |       |       |     4 |     6 |    16 |     7 |     9 |     8 ||    50
  Use: Scroll            |     9 |     3 |     8 |     9 |    27 |     5 |    19 |     8 ||    88
       Potion            |     2 |     2 |     1 |     6 |     4 |     7 |     9 |     9 ||    40
 Stab: Distracted        |       |       |       |       |       |     1 |       |       ||     1
       Confused          |       |       |       |       |       |     1 |       |       ||     1
  Eat: Chunk             |    10 |     4 |    14 |    74 |    80 |    24 |    38 |    14 ||   258
       Royal jelly       |       |       |     1 |       |       |       |       |     2 ||     3
       Fruit             |       |       |       |     3 |     5 |    11 |     7 |       ||    26
       Beef jerky        |       |       |       |     4 |       |     4 |     9 |     2 ||    19
       Pizza             |       |       |       |       |     5 |     1 |       |       ||     6
